 Dungeon Crawl Stone Soup version 0.22-a0-136-g83a10e5 (webtiles) character file.

23 mortelune the Chiller (level 2, 0/19 HPs)
             Began as a Demonspawn Ice Elementalist on Feb 3, 2018.
             Killed from afar by a dart slug (6 damage)
             ... with a slug dart
             ... on level 2 of the Dungeon.
             The game lasted 00:02:26 (1512 turns).

mortelune the Chiller (Demonspawn Ice Elementalist) Turns: 1512, Time: 00:02:26

Health: 0/19       AC:  2    Str:  8    XL:     2   Next: 75%
Magic:  1/5        EV: 12    Int: 16    God:
Gold:   95         SH:  0    Dex: 13    Spells: 3/6 levels left

rFire    . . .     SeeInvis .   e - +0 dagger
rCold    + . .     Gourm    .   (no shield)
rNeg     . . .     Faith    .   a - +0 robe
rPois    .         Spirit   .   (no helmet)
rElec    .         Reflect  .   (no cloak)
rCorr    .         Harm     .   (no gloves)
MR       .....                  (no boots)
Stlth    ++........             (no amulet)
HPRegen  0.06/turn              f - ring of protection from cold
MPRegen  0.09/turn              (no ring)

@: very slightly contaminated
A: hooves 1
a: no special abilities


You were on level 2 of the Dungeon.
You were near starving.

You visited 1 branch of the dungeon, and saw 2 of its levels.

You collected 95 gold pieces.

Inventory:

Hand Weapons
 e - a +0 dagger (weapon)
Armour
 a - a +0 robe (worn)
Jewellery
 f - a ring of protection from cold (left hand)
Scrolls
 i - a scroll of random uselessness {unknown}
 k - a scroll of amnesia {unknown}
 l - a scroll of identify {unknown}
Potions
 d - a potion of ambrosia {unknown}
 g - a potion of degeneration {unknown}
 h - a potion of curing {unknown}
 j - a potion of heal wounds {unknown}
 m - a potion of berserk rage {unknown}
 n - a potion of brilliance {unknown}
Books
 b - a book of Frost

   Spells                             Type                      Level
   a - Freeze                         Ice                          1
   b - Throw Frost                    Conjuration/Ice              2
   c - Ozocubu's Armour               Charms/Ice                   3
   d - Throw Icicle                   Conjuration/Ice              4
   e - Summon Ice Beast               Ice/Summoning                4
Comestibles
 c - 3 rations


   Skills:
 - Level 1.7 Dodging
 - Level 1.7 Stealth
 + Level 2.6 Spellcasting
 - Level 1.0 Conjurations
 + Level 3.2 Ice Magic


You had 3 spell levels left.
You knew the following spells:

 Your Spells              Type           Power        Failure   Level  Hunger
a - Freeze                Ice            ##..         5%          1    #......
b - Throw Frost           Conj/Ice       #.....       12%         2    ##.....


Dungeon Overview and Level Annotations

Branches:
Dungeon (2/15)

Altars:


Innate Abilities, Weirdness & Mutations

You have large cloven feet.


Message History

The dart slug is heavily wounded.
The dart slug launches a dart at you. The slug dart hits you!
You hit the dart slug.
The dart slug is heavily wounded.
The dart slug bites you.
You hit the dart slug but do no damage.
The dart slug is heavily wounded.
The dart slug bites you.
You hit the dart slug but do no damage.
The dart slug is heavily wounded.
You hit the dart slug.
The dart slug is severely wounded.
The dart slug bites you.
You hit the dart slug.
You kick the dart slug, but do no damage.
The dart slug is almost dead.
The dart slug launches a dart at you. The slug dart hits you!
You die...

... ..........# ....
........).## # ...
............ # . ..#
..........## ..##. #.#
............ ....##.#
.......<).#.
....$#.##########.#.##.
#...........#.#.##.
##@########.#.#.###
#......w# #.#.#>#
#......## #.#.#.#
#...... #.#.#.# #......
#.#.#.# #####.#
######.# ..# #.
#......####### #?
#.............
##############


You could see a dart slug.

Vanquished Creatures
  A dart slug (D:1)
  A leopard gecko (D:1)
  2 bats (D:1)
  A giant cockroach (D:1)
  4 goblins (D:1)
  2 hobgoblins
  2 frilled lizards (D:1)
  5 kobolds
  A rat (D:1)
19 creatures vanquished.

Notes
Turn   | Place    | Note
-------+----------+-------------------------------------------
     0 | D:1      | mortelune the Demonspawn Ice Elementalist began the quest for the Orb.
     0 | D:1      | Reached XP level 1. HP: 13/13 MP: 3/3
   654 | D:1      | Reached skill level 3 in Ice Magic
   654 | D:1      | Gained mutation: You have large cloven feet. [demonic ancestry]
   654 | D:1      | Reached XP level 2. HP: 13/19 MP: 1/5
   758 | D:1      | Learned a level 2 spell: Throw Frost
  1512 | D:2      | Killed from afar by a dart slug

Vault maps used:
D:1:      nzn_arrival_depleted_hourglass
D:2:      old_standard_altar, minmay_misc_feat_square, uniq_sigmund

Skill      XL: |  1 |
---------------+----+-----
Ice Magic      | 3 |  3.2
Dodging        | |  1.7
Stealth        | |  1.7
Spellcasting   | |  2.6
Conjurations   | |  1.0

Action                   || total
-------------------------++-------
Melee: Dagger            ||     8
       Kick              ||     1
 Cast: Freeze            ||    23
       Throw Frost       ||     8
  Eat: Chunk             ||     1
Armor: Robe              ||     4
Dodge: Dodged            ||    11

Table legend:
 A = Spawn XP
 B = Non-spawn XP
 C = Spawn XP percentage of total XP
 D = Spawn monster count
 E = Non-spawn monster count
 F = Spawn count percentage of total count
 G = Total turns spent on level
                    A         B        C        D         E        F      G
               +---------+---------+-------+---------+---------+-------+---------
         Total |       0 |      34 |   0.0 |       0 |      19 |   0.0 |  1512
               +---------+---------+-------+---------+---------+-------+---------
           D:1 |       0 |      31 |   0.0 |       0 |      17 |   0.0 |  1368
           D:2 |       0 |       3 |   0.0 |       0 |       2 |   0.0 |   144
               +---------+---------+-------+---------+---------+-------+---------
